 Dungeon Crawl Stone Soup version 0.27-a0-1202-ge72e49191c (webtiles) character file.

Game seed: 2217102436414735077

222617 ZappyNine the Imperceptible (level 20, -12/115 HPs)
             Began as a Kobold Brigand on May 29, 2021.
             Was the Champion of Hepliaklqana.
             Killed from afar by a deep elf annihilator (51 damage)
             ... with a crystal spear
             ... on level 3 of the Elven Halls on June 4, 2021.
             The game lasted 01:23:57 (34857 turns).

ZappyNine the Imperceptible (Kobold Brigand)       Turns: 34857, Time: 01:23:57

Health: -12/115    AC: 24    Str: 11    XL:     20   Next: 1%
Magic:  27/27      EV: 39    Int: 12    God:    Hepliaklqana [******]
Gold:   2184       SH:  0    Dex: 21    Spells: 20/29 levels left

rFire    + + .     SeeInvis +   A - +7 pair of quick blades "Gyre" and "Gimble" {protect}
rCold    . . .     Faith    .   (shield currently unavailable)
rNeg     . . .     Spirit   .   B - +5 leather armour "Simopsih" {rF+ Regen+}
rPois    .         Reflect  .   s - +1 helmet
rElec    .         Harm     .   D - +1 cloak of Starlight {*Dazzle EV+4 Stlth--}
rCorr    +         Rampage  .   F - +2 pair of gloves {Str+3}
Will     +....                  f - +0 pair of boots
Stlth    ++++++++..             W - amulet "Bufi" {Acrobat +Blink rF+ rCorr Str-3 SInv}
HPRegen  1.29/turn              r - +4 ring of evasion
MPRegen  0.20/turn              q - ring of see invisible

@: under a protective aura
A: reduced essence, small, no large weapons, nightstalker 3, clumsy 1, deformed
body
}: 1/15 runes: barnacled
a: Renounce Religion, Evoke Blink, Recall Ancestor, Ancestor Identity,
Transference, Idealise


You were on level 3 of the Elven Halls.
You worshipped Hepliaklqana.
Hepliaklqana was exalted by your worship.
You visited 6 branches of the dungeon, and saw 31 of its levels.
You visited the Abyss 1 time.
You also visited: Gauntlet.

You collected 3181 gold pieces.
You spent 997 gold pieces at shops.

Inventory:

Hand Weapons
 A - the +7 pair of quick blades "Gyre" and "Gimble" (weapon) {protect}
   (You acquired it on level 8 of the Dungeon)

   It grants its wielder temporary protection when it strikes (+7 to AC).
Missiles
 e - 13 curare-tipped darts (quivered)
 H - 16 boomerangs of dispersal
 O - 10 throwing nets
 Q - 4 atropa-tipped darts
Armour
 f - a +0 pair of boots (worn)
 s - a +1 helmet (worn)
 B - the +5 leather armour "Simopsih" (worn) {rF+ Regen+}
   (You found it on level 5 of the Dungeon)

   It protects you from fire.
   It increases your rate of health regeneration.
 C - the +1 helmet "Ugets" {Harm rElec}
   (You found it in a Gauntlet)

   It insulates you from electricity.
   It increases damage dealt and taken.
 D - the +1 cloak of Starlight (worn) {*Dazzle EV+4 Stlth--}
   (You found it in a Gauntlet)

   It affects your evasion (+4).
   It makes you much less stealthy.
 F - a +2 pair of gloves of strength (worn)
Jewellery
 q - a ring of see invisible (right hand)
 r - a +4 ring of evasion (left hand)
 y - a ring of protection from cold
 z - a ring of protection from fire
 N - a ring of wizardry
 P - a ring of poison resistance
 U - a ring of ice
 W - the amulet "Bufi" (around neck) {Acrobat +Blink rF+ rCorr Str-3 SInv}
   (You bought it in a shop on level 2 of the Orcish Mines)

   [amulet of the acrobat]

   It increases your evasion while moving and waiting.
   It affects your strength (-3).
   It protects you from fire.
   It lets you see invisible.
   It lets you blink.
   It protects you from acid and corrosion.
Wands
 h - a wand of digging (1)
 k - a wand of paralysis (38)
 l - a wand of mindburst (35)
 m - a wand of polymorph (7)
 v - a wand of iceblast (21)
 G - a wand of flame (27)
Scrolls
 a - 6 scrolls of amnesia
 b - 6 scrolls of enchant weapon
 g - 14 scrolls of teleportation
 i - a scroll of summoning
 w - a scroll of brand weapon
 x - 13 scrolls of identify
 E - a scroll of enchant armour
 K - 7 scrolls of fear
 L - 5 scrolls of blinking
 M - 4 scrolls of fog
 R - 2 scrolls of silence
 T - 3 scrolls of magic mapping
Potions
 c - 5 potions of brilliance
 j - 4 potions of flight
 n - 4 potions of heal wounds
 o - 3 potions of cancellation
 p - a potion of resistance
 t - 10 potions of curing
 J - a potion of invisibility
 Y - a potion of magic
Miscellaneous
 d - a phial of floods
 I - a condenser vane


   Skills:
 - Level 14.4 Fighting
 - Level 13.3 Short Blades
 - Level 4.7 Throwing
 - Level 8.9 Armour
 - Level 20.2 Dodging
 - Level 23.7 Stealth
 + Level 5.2 Spellcasting
 + Level 5.2 Transmutations
 + Level 5.3 Ice Magic
 - Level 5.0 Air Magic
 - Level 5.0 Poison Magic
 - Level 6.9 Invocations
 - Level 16.0 Evocations


You had 20 spell levels left.
You knew the following spells:

 Your Spells              Type           Power      Damage    Failure   Level
a - Beastly Appendage     Tmut           30%        N/A       2%          1
b - Wereblood             Tmut           15%        N/A       4%          2
c - Poisonous Vapours     Pois/Air       30%        N/A       4%          2
d - Ice Form              Ice/Tmut       15%        N/A       26%         4

Your spell library contained the following spells:

 Spells                   Type           Power      Damage    Failure   Level
 Spider Form              Tmut/Pois      7%         N/A       9%          3
 Ensorcelled Hibernation  Hex/Ice        18%        N/A       12%         2
 Passwall                 Tmut/Erth      7%         N/A       12%         2
 Static Discharge         Conj/Air       9%         N/A       13%         2
 Mephitic Cloud           Conj/Pois/Air  11%        N/A       19%         3
 Corona                   Hex            3%         N/A       24%         1
 Magic Dart               Conj           12%        1d3       24%         1
 Sandblast                Erth           6%         2d5       24%         1
 Summon Small Mammal      Summ           12%        N/A       24%         1
 Searing Ray              Conj           6%         3d3       36%         2
 Slow                     Hex            3%         N/A       36%         2
 Confusing Touch          Hex            3%         N/A       58%         3
 Conjure Flame            Conj/Fire      3%         6-21      58%         3
 Dazzling Flash           Conj/Hex       6%         N/A       58%         3
 Inner Flame              Hex/Fire       3%         N/A       58%         3
 Portal Projectile        Hex/Tloc       6%         N/A       58%         3
 Stone Arrow              Conj/Erth      6%         3d7       58%         3
 Tukima's Dance           Hex            3%         N/A       58%         3
 Hydra Form               Tmut           7%         N/A       61%         5
 Petrify                  Tmut/Erth      9%         N/A       63%         4
 Animate Armour           Summ/Erth      6%         N/A       94%         4
 Animate Dead             Necr           1%         N/A       94%         4
 Cause Fear               Hex            1%         N/A       94%         4
 Fulminant Prism          Conj/Hex       1%         3d6       94%         4
 Iskenderun's Mystic Bla  Conj/Tloc      3%         2d3       94%         4
 Leda's Liquefaction      Hex/Erth       1%         N/A       94%         4
 Lightning Bolt           Conj/Air       4%         1d16      94%         5
 Bolt of Magma            Conj/Fire/Erth 1%         4d4       100%        5
 Borgnjor's Vile Clutch   Necr/Erth      1%         N/A       100%        5
 Lee's Rapid Deconstruct  Erth           1%         3d5*      100%        5
 Death Channel            Necr           1%         N/A       100%        6
 Freezing Cloud           Conj/Ice/Air   5%         6-21      100%        6
 Iron Shot                Conj/Erth      1%         9d1       100%        6
 Simulacrum               Ice/Necr       4%         N/A       100%        6
 Statue Form              Tmut/Erth      6%         N/A       100%        6
 Spellforged Servitor     Conj/Summ      1%         N/A       100%        7
 Shatter                  Erth           1%         3d6*      100%        9


Dungeon Overview and Level Annotations

Branches:
Dungeon (15/15)            Temple (1/1) D:4            Lair (6/6) D:8
 Shoals (4/4) Lair:4       Spider (0/4) Lair:3        Slime (0/5) Lair:5
    Orc (2/2) D:9             Elf (3/3) Orc:2        Vaults (0/5) D:14
 Depths (0/5) D:15        Gauntlet (visited)

Altars:
Ashenzari
Cheibriados
Elyvilon
Fedhas
Gozag
Hepliaklqana
Kikubaaqudgha
Makhleb
Nemelex Xobeh
Okawaru
Qazlal
Ru
Sif Muna
Trog
Uskayaw
Vehumet
Wu Jian
Xom
Yredelemnul
Zin
The Shining One
Beogh
Jiyva

Shops:
Orc:2 =:!?   Shoals:2 (

Annotations:
D:7 1 runed translucent door, pigah's ghost, novice OpWn
D:9 2 transporters
Lair:5 2 runed translucent doors
Elf:2 4 runed translucent doors


Innate Abilities, Weirdness & Mutations

Your life essence is reduced to manifest your ancestor. (-10% HP)
You are small and have problems with some larger weapons.
You are completely attuned to the shadows.
You are clumsy. (Dex -2)
Armour fits poorly on your strangely shaped body.


Message History

The deep elf annihilator gestures at you while chanting.
The crystal spear misses you.
Unknown command.
You closely miss the deep elf annihilator.
You hit the deep elf annihilator. You hit the deep elf annihilator.
You puncture the deep elf annihilator!
The deep elf zephyrmancer casts a spell at you.
The bolt of lightning hits you! You resist.
Unknown command.
You barely miss the deep elf annihilator.
You hit the deep elf annihilator.
Unknown command.
You puncture the deep elf annihilator!
You kill the deep elf annihilator!
You have reached level 20!
You feel stronger.
You closely miss the deep elf zephyrmancer.
You completely miss the deep elf zephyrmancer.
You barely miss the deep elf zephyrmancer.
You puncture the deep elf zephyrmancer! The deep elf zephyrmancer misses you.
You puncture the deep elf zephyrmancer! You hit the deep elf zephyrmancer.
A deep elf annihilator comes into view. It is wielding a +0 rapier.
You hit the deep elf zephyrmancer. You puncture the deep elf zephyrmancer!
You miss the deep elf zephyrmancer. You puncture the deep elf zephyrmancer!
You kill the deep elf zephyrmancer!
The deep elf master archer shoots an arrow.
The arrow hits you but does no damage.
Your resistance to elements expires.
The deep elf annihilator points at you and mumbles some strange words.
The bolt of lightning misses you.
The deep elf master archer shoots an arrow.
The arrow completely misses you.
The deep elf master archer shoots an arrow.
The arrow hits you!!
Items here: ))))))))) [[[[[ †††.
You hit the deep elf master archer.
You closely miss the deep elf master archer.
The deep elf annihilator casts a spell at you.
The crystal spear hits you!!!
You die...

###.....###
...........
...#...#..§
.....e..e..
#..)@)..# ####
#########)#### ...#
#......).).# .#.#
##.........# ...#
#.....###### .###
#.#.(## ## #.#..# #
####.#.)####
####.....#.....####


You could see a deep elf master archer and a deep elf annihilator.

Vanquished Creatures
  A profane servitor (Abyss:2)
  A bone dragon (Abyss:2)
  2 deep elf blademasters (Elf:3)
  A deep elf master archer (Elf:3)
  Agnes (D:15)
  A kraken (Shoals:1)
  Donald (Orc:2)
  A frost giant (D:15)
  2 deep elf sorcerers (Elf:3)
  3 deep elf elementalists (Elf:3)
  A starcursed mass (Abyss:2)
  A minotaur (Gauntlet)
  Azrael (D:15)
  3 deep elf demonologists
  6 deep elf annihilators
  3 deep elf death magi
  8 merfolk javelineers
  Snorg (D:11)
  7 merfolk impalers
  2 deep elf high priests
  3 fire dragons (Lair:6)
  Erolcha (Orc:2)
  Harold (D:11)
  4 vault guards (D:14)
  7 hydras
  4 catoblepae
  3 merfolk avatars
  3 boulder beetles
  An ogre mage (D:15)
  2 alligator snapping turtles
  2 merfolk aquamancers
  12 two-headed ogres
  8 centaur warriors
  3 satyrs (Shoals:4)
  6 tengu warriors
  A death yak (Lair:4)
  12 dancing weapons
  3 orc high priests
  2 thrashing horrors (Abyss:2)
  Sonja (D:12)
  8 deep elf knights
  Nergalle (Orc:2)
  2 wretched stars (Abyss:2)
  2 fire crabs (Gauntlet)
  A death drake (shapeshifter) (D:14)
  9 sea snakes
  A swamp dragon (Lair:6)
  An anaconda zombie (Abyss:2)
  9 deep elf archers
  An orc knight (D:13)
  3 lindwurms (Lair:6)
  7 harpies
  19 deep elf pyromancers
  8 orc sorcerers (Orc:2)
  16 deep elf zephyrmancers
  5 cyclopes
  20 fauns
  2 ugly things
  8 slime creatures
  10 manticores
  A worldbinder (Abyss:2)
  9 elephants (Lair:3)
  Maurice (D:8)
  2 water nymphs
  6 merfolk sirens
  A centaur zombie (D:11)
  2 molten gargoyles (Lair:2)
  7 cane toads
  2 black mambas
  4 smoke demons
  5 torpor snails
  4 gargoyles
  13 rime drakes
  An unseen horror (D:13)
  A rime drake (shapeshifter) (D:15)
  7 komodo dragons
  An efreet (D:14)
  A freezing wraith (D:14)
  3 tengu conjurers
  44 merfolk
  4 polar bears
  6 trolls
  4 tyrant leeches (Lair:6)
  10 wind drakes
  7 hornets (Lair:6)
  A dream sheep (shapeshifter) (D:14)
  7 snapping turtles
  15 blink frogs
  6 dream sheep
  2 large abominations (Abyss:2)
  A redback (Lair:3)
  An air elemental (Elf:1)
  11 water elementals
  A wraith (D:14)
  6 fire bats (Gauntlet)
  3 wyverns
  A ynoxinul (Abyss:2)
  2 fire elementals (D:15)
  58 yaks
  5 basilisks
  A neqoxec (Abyss:2)
  11 steam dragons
  2 vampire mosquitoes (D:10)
  2 acid dragons
  5 hell hounds
  21 water moccasins
  2 swamp drakes (Lair:6)
  A sky beast (D:8)
  6 black bears
  An ice beast (D:4)
  14 orc warriors
  9 ogres
  14 wolves
  14 centaurs
  A swamp dragon skeleton (Abyss:2)
  2 phantoms
  2 kobold brigands
  5 small abominations (Abyss:2)
  8 bullfrogs
  A gnoll sergeant (D:7)
  3 earth elementals (Elf:1)
  3 scorpions
  2 water moccasin skeletons (D:5)
  11 killer bees (D:9)
  5 wights (D:6)
  3 electric eels (D:15)
  9 howler monkeys
  A bullfrog zombie (D:5)
  5 jellies
  A quasit (Abyss:2)
  4 hounds
  17 orc priests
  2 centaur skeletons (D:7)
  A bullfrog skeleton (D:6)
  4 iguanas
  28 orc wizards
  A killer bee zombie (D:6)
  2 hound skeletons (D:5)
  2 howler monkey zombies
  6 adders
  9 gnolls
  A howler monkey skeleton (D:6)
  A shadow imp (D:7)
  6 white imps
  2 ufetubi
  A worm (D:3)
  A dart slug (D:3)
  58 orcs
  5 endoplasms
  2 giant cockroaches
  3 goblins
  11 jackals (D:1)
  10 kobolds
  3 quokkas
  8 ball pythons
  2 bats
  A frilled lizard (D:3)
  5 rats
  A plant (D:15)
  3 tentacles (Shoals:1)
890 creatures vanquished.

Vanquished Creatures (collateral kills)
  A quicksilver ooze (Gauntlet)
  A merfolk avatar (Shoals:3)
  A dancing weapon (Elf:1)
  5 deep elf archers
  2 orc sorcerers (Orc:2)
  A deep elf zephyrmancer (Elf:1)
  A faun (Shoals:4)
  A manticore (D:14)
  A black mamba (Lair:1)
  A water nymph (Shoals:3)
  A gargoyle (Gauntlet)
  A cane toad (Lair:6)
  3 torpor snails (Lair:6)
  An unseen horror (D:13)
  A rime drake (Lair:6)
  A komodo dragon (Lair:3)
  A merfolk (Shoals:3)
  A dream sheep (Shoals:4)
  A blink frog (Lair:5)
  An air elemental (Elf:2)
  A water elemental (Shoals:2)
  4 yaks
  A fire elemental (D:15)
  A steam dragon (Lair:6)
  2 orc warriors (Orc:1)
  A wolf (Lair:3)
  A centaur (D:15)
  An earth elemental (Elf:3)
  3 orc wizards
  3 gnolls (Orc:1)
  2 orcs (Orc:2)
47 creatures vanquished.

Vanquished Creatures (others)
  A deep elf pyromancer (Elf:1)
  A rime drake (Lair:6)
  A fire elemental (D:15)
  9 hexers
  A gnoll (D:7)
  A fire vortex (Lair:2)
  25 fungi
  283 plants
  11 tentacles (Shoals:1)
  2 withered plants (D:7)
335 creatures vanquished.

Grand Total: 1272 creatures vanquished

Notes
Turn   | Place    | Note
-------+----------+-------------------------------------------
     0 | D:1      | ZappyNine the Kobold Brigand began the quest for the Orb.
     0 | D:1      | Reached XP level 1. HP: 12/12 MP: 1/1
   228 | D:1      | Reached XP level 2. HP: 17/17 MP: 2/2
   528 | D:1      | Reached XP level 3. HP: 21/21 MP: 3/3
  1456 | D:2      | Found a faded altar of an unknown god.
  1656 | D:2      | Reached skill level 6 in Stealth
  2279 | D:3      | Found a shimmering blue altar of Sif Muna.
  2330 | D:3      | Reached XP level 4. HP: 26/26 MP: 4/4
  2860 | D:3      | Reached XP level 5. HP: 30/30 MP: 5/5
  2976 | D:3      | Found a broken altar of Ashenzari.
  2977 | D:3      | Saw a vision of the Shoals and the Spider Nest.
  2977 | D:3      | Noticed a centaur
  2979 | D:3      | Noticed a sea snake
  2979 | D:3      | Noticed a merfolk
  2979 | D:3      | Noticed a merfolk
  2980 | D:3      | Noticed a wind drake
  2980 | D:3      | Noticed a redback
  2981 | D:3      | Noticed a wind drake
  2986 | D:3      | Noticed a merfolk
  2988 | D:3      | Noticed a centaur
  3044 | D:3      | Noticed a centaur
  3446 | D:4      | Reached skill level 1 in Armour
  3637 | D:4      | Noticed an ice beast
  3641 | D:4      | Killed an ice beast
  3642 | D:4      | Reached XP level 6. HP: 35/35 MP: 6/6
  3740 | D:4      | Found a stormy altar of Qazlal.
  3837 | D:4      | Found a white marble altar of Elyvilon.
  3945 | D:4      | Found a staircase to the Ecumenical Temple.
  4194 | Temple   | Entered the Ecumenical Temple
  4533 | D:5      | Entered Level 5 of the Dungeon
  4666 | D:5      | Reached skill level 7 in Stealth
  4666 | D:5      | Reached XP level 7. HP: 23/40 MP: 7/7
  4811 | D:5      | Identified the +9 giant spiked club of Buif {elec, +Rage
                  | rElec MP-9}
  4846 | D:5      | Reached skill level 5 in Short Blades
  5235 | D:5      | Identified the +5 leather armour "Simopsih" {rF+ Regen+}
  5586 | D:5      | Reached skill level 5 in Dodging
  5586 | D:5      | Reached skill level 8 in Stealth
  5586 | D:5      | Reached XP level 8. HP: 44/44 MP: 8/8
  6253 | D:6      | Identified the +10 hunting sling of Zyte {freeze, Str+7}
  6422 | D:6      | Reached skill level 9 in Stealth
  6712 | D:6      | Found an iron altar of Okawaru.
  6836 | D:6      | Found a radiant altar of Vehumet.
  6957 | D:6      | Found a burning altar of Makhleb.
  7082 | D:6      | Reached XP level 9. HP: 49/49 MP: 9/9
  7379 | D:6      | Found an ancient bone altar of Kikubaaqudgha.
  7381 | D:6      | Found a shimmering altar of Xom.
  7386 | D:6      | Found a bloodstained altar of Trog.
  7751 | D:6      | Reached skill level 10 in Stealth
  8545 | D:7      | Reached skill level 5 in Fighting
  8603 | D:7      | Reached skill level 11 in Stealth
  8683 | D:7      | Reached XP level 10. HP: 47/60 MP: 10/10
  8734 | D:7      | Found a runed translucent door.
  8734 | D:7      | Noticed pigah's ghost (novice OpWn)
  9795 | Temple   | Became a worshipper of Hepliaklqana the Forgotten
 10052 | D:8      | Reached skill level 12 in Stealth
 10406 | D:8      | Identified a scroll of acquirement
 10406 | D:8      | Acquired the +7 pair of quick blades "Gyre" and "Gimble"
                  | {protect}
 10407 | D:8      | Found the +7 pair of quick blades "Gyre" and "Gimble"
                  | {protect}
 10445 | D:8      | Noticed a two-headed ogre
 10461 | D:8      | Killed a two-headed ogre
 10692 | D:8      | Noticed Maurice
 10694 | D:8      | Killed Maurice
 10840 | D:8      | Found a staircase to the Lair.
 11016 | D:9      | Noticed a tengu warrior
 11018 | D:9      | Killed a tengu warrior
 11019 | D:9      | Reached skill level 13 in Stealth
 11019 | D:9      | Reached XP level 11. HP: 65/65 MP: 11/11
 11044 | D:9      | Reached * piety under Hepliaklqana
 11297 | D:9      | Reached skill level 10 in Short Blades
 11371 | D:9      | Found a sacrificial altar of Ru.
 11487 | D:9      | Found a transporter.
 11506 | D:9      | Noticed a wolf spider
 11507 | D:9      | Found a hide-covered altar of Uskayaw.
 11508 | D:9      | Noticed a centaur warrior
 11518 | D:9      | Found a transporter.
 11590 | D:9      | Found a staircase to the Orcish Mines.
 11776 | D:10     | Entered Level 10 of the Dungeon
 11784 | D:10     | Noticed a catoblepas
 11787 | D:10     | Killed a catoblepas
 11923 | D:10     | Reached ** piety under Hepliaklqana
 11924 | D:10     | Remembered your ancestor ZappyEight as a hexer
 12009 | D:10     | Reached skill level 14 in Stealth
 12032 | D:10     | Noticed a two-headed ogre
 12036 | D:10     | Killed a two-headed ogre
 12095 | D:10     | Noticed a two-headed ogre
 12101 | D:10     | Killed a two-headed ogre
 12102 | D:10     | Reached skill level 10 in Dodging
 12166 | D:10     | Noticed a two-headed ogre
 12189 | D:10     | Killed a two-headed ogre
 12210 | D:10     | Reached XP level 12. HP: 60/63 MP: 12/12
 12452 | D:10     | Identified the +1 leather armour of the Poles {Str+10}
 12769 | D:11     | Noticed a two-headed ogre
 12781 | D:11     | Reached skill level 15 in Stealth
 12797 | D:11     | Killed a two-headed ogre
 12825 | D:11     | You fall into a shaft and drop 3 floors!
 12826 | D:14     | Noticed a centaur warrior
 12838 | D:14     | Killed a centaur warrior
 12862 | D:14     | Noticed a centaur warrior
 12873 | D:14     | Killed a centaur warrior
 12949 | D:13     | Found a flagged portal.
 13058 | D:12     | Reached *** piety under Hepliaklqana
 13058 | D:12     | Noticed a two-headed ogre
 13061 | D:12     | Killed a two-headed ogre
 13080 | D:12     | Noticed Sonja
 13085 | D:12     | Killed Sonja
 13095 | D:12     | Noticed an eight-headed hydra
 13099 | D:12     | Killed an eight-headed hydra
 13100 | D:12     | Reached skill level 16 in Stealth
 13268 | D:11     | Noticed Harold
 13289 | D:11     | Killed Harold
 13435 | D:11     | Noticed a two-headed ogre
 13439 | D:11     | Killed a two-headed ogre
 13440 | D:11     | Reached XP level 13. HP: 70/70 MP: 13/13
 13855 | D:11     | Noticed Snorg
 13859 | D:11     | Killed Snorg
 14308 | D:12     | Noticed an eight-headed hydra
 14318 | D:12     | Killed an eight-headed hydra
 14885 | D:13     | Noticed a centaur warrior
 14889 | D:13     | Killed a centaur warrior
 14894 | D:13     | Noticed a centaur warrior
 14898 | D:13     | Killed a centaur warrior
 14899 | D:13     | Reached skill level 17 in Stealth
 15728 | Lair:1   | Entered Level 1 of the Lair of Beasts
 15728 | Lair:1   | Noticed an eight-headed hydra
 15734 | Lair:1   | Killed an eight-headed hydra
 15942 | Lair:1   | Reached **** piety under Hepliaklqana
 16016 | Lair:1   | Reached skill level 10 in Fighting
 16406 | Lair:1   | Reached XP level 14. HP: 56/79 MP: 14/14
 16771 | Lair:2   | Reached skill level 18 in Stealth
 16902 | Lair:2   | Reached skill level 1 in Invocations
 16902 | Lair:2   | Reached skill level 1 in Evocations
 17769 | Lair:3   | Reached skill level 5 in Evocations
 17844 | Lair:3   | You fall into a shaft and drop 1 floor!
 17918 | Lair:4   | Reached ***** piety under Hepliaklqana
 18032 | Lair:4   | Reached skill level 5 in Invocations
 18298 | Lair:3   | Found a hole to the Spider Nest.
 19072 | Lair:4   | Found a staircase to the Shoals.
 19361 | Lair:4   | Acquired a manual of Evocations
 19363 | Lair:4   | Acquired a manual of Stealth
 20185 | Lair:5   | Found a large runed translucent door.
 20186 | Lair:5   | Found a large runed translucent door.
 20378 | Lair:5   | Found a staircase to the Slime Pits.
 20378 | Lair:5   | Found a viscous altar of Jiyva.
 20514 | Lair:5   | Reached XP level 15. HP: 83/83 MP: 20/20
 20582 | Lair:5   | Reached skill level 19 in Stealth
 20738 | Lair:5   | Reached skill level 10 in Evocations
 21157 | Lair:6   | Entered Level 6 of the Lair of Beasts
 21185 | Lair:6   | Found a gate leading to a gauntlet.
 21191 | Gauntlet | Entered a Gauntlet
 21191 | Gauntlet | Found a transporter.
 21206 | Gauntlet | Found a transporter.
 21218 | Gauntlet | Found a transporter.
 21230 | Gauntlet | Found a transporter.
 21236 | Gauntlet | Noticed a quicksilver ooze
 21242 | Gauntlet | Found a transporter.
 21257 | Gauntlet | Found a transporter.
 21260 | Gauntlet | Found the +1 cloak of Starlight {*Dazzle EV+4 Stlth--}
 21332 | Gauntlet | Found a transporter.
 21359 | Gauntlet | Found a transporter.
 21389 | Gauntlet | Found a transporter.
 21391 | Gauntlet | Found a transporter.
 21437 | Gauntlet | Found a transporter.
 21442 | Gauntlet | Found a transporter.
 21448 | Gauntlet | Found a transporter.
 21455 | Gauntlet | Killed a quicksilver ooze
 21461 | Gauntlet | Found a transporter.
 21465 | Gauntlet | Identified the +1 helmet "Ugets" {Harm rElec}
 21539 | Gauntlet | Identified the +10 mace of the Pyrrhic Victory {freeze,
                  | Fragile rN+ Str+4 SInv}
 21634 | Lair:6   | Reached skill level 20 in Stealth
 22273 | Lair:6   | Reached skill level 15 in Dodging
 22446 | Lair:6   | Reached skill level 21 in Stealth
 22863 | D:8      | Upgraded the game from 0.27-a0-1196-g3e9cee4cb2 to
                  | 0.27-a0-1202-ge72e49191c
 23070 | Lair:6   | Found a runed translucent door.
 23601 | Shoals:1 | Entered Level 1 of the Shoals
 23640 | Shoals:1 | Reached XP level 16. HP: 83/90 MP: 21/21
 23887 | D:15     | Entered Level 15 of the Dungeon
 23977 | D:14     | Found a broken altar of Ashenzari.
 24235 | D:14     | Found a gate to the Vaults.
 24770 | D:15     | Identified the +6 short sword "Houl" {flame, Dex+3}
 24827 | D:15     | Reached skill level 22 in Stealth
 25451 | D:15     | Found a staircase to the Depths.
 25451 | D:15     | Noticed a frost giant
 25465 | D:15     | Killed a frost giant
 25600 | D:15     | Noticed Azrael
 25639 | D:15     | Killed Azrael
 25748 | D:15     | Found a shimmering blue altar of Sif Muna.
 25799 | D:15     | Noticed Agnes
 25804 | D:15     | Killed Agnes
 26332 | Orc:1    | Entered Level 1 of the Orcish Mines
 26583 | Orc:1    | Reached ****** piety under Hepliaklqana
 26662 | Orc:2    | Entered Level 2 of the Orcish Mines
 26870 | Orc:2    | Found Awomokk's Magic Scroll Shop.
 26894 | Orc:2    | Bought a scroll of enchant armour for 90 gold pieces
 26894 | Orc:2    | Bought a scroll of silence for 90 gold pieces
 26930 | Orc:2    | Found a staircase to the Elven Halls.
 26971 | Orc:2    | Reached skill level 23 in Stealth
 27003 | Orc:2    | Found a radiant altar of Vehumet.
 27008 | Orc:2    | Noticed Erolcha
 27014 | Orc:2    | Killed Erolcha
 27027 | Orc:2    | Noticed Nergalle
 27047 | Orc:2    | Killed Nergalle
 27056 | Orc:2    | Found an ancient bone altar of Kikubaaqudgha.
 27138 | Orc:2    | Reached XP level 17. HP: 94/97 MP: 22/22
 27142 | Orc:2    | Found Vyinamiu's Jewellery Shop.
 27150 | Orc:2    | Found Madghaehu's Book Boutique.
 27227 | Orc:2    | Found Vunupag's Antique Armour Shop.
 27274 | Orc:2    | Found Yfaabeedil's Distillery.
 27331 | Orc:2    | Noticed Donald
 27342 | Orc:2    | Killed Donald
 27698 | Orc:2    | Bought the amulet "Bufi" {Acrobat +Blink rF+ rCorr Str-3
                  | SInv} for 817 gold pieces
 27801 | Elf:1    | Entered Level 1 of the Elven Halls
 28223 | Shoals:1 | Noticed a kraken
 28284 | Shoals:1 | Killed a kraken
 29237 | Shoals:2 | Reached skill level 15 in Evocations
 29618 | Shoals:2 | Found Finnelae's Antique Weapon Shoppe.
 30627 | Shoals:3 | Learned a level 1 spell: Beastly Appendage
 30631 | Shoals:4 | Entered Level 4 of the Shoals
 30742 | Shoals:4 | Reached skill level 1 in Spellcasting
 30742 | Shoals:4 | Reached skill level 1 in Transmutations
 30763 | Shoals:4 | Reached XP level 18. HP: 104/104 MP: 23/23
 31175 | Shoals:4 | Reached skill level 5 in Spellcasting
 31175 | Shoals:4 | Reached skill level 5 in Transmutations
 31973 | Shoals:4 | Got a barnacled rune of Zot
 32678 | Elf:1    | Reached skill level 5 in Armour
 32754 | Elf:1    | Noticed a Tzitzimitl
 32768 | Elf:1    | Identified Irufes's Volume of Creative Attacks
 32891 | Elf:1    | Found a radiant altar of Vehumet.
 33004 | Elf:1    | Found a shimmering blue altar of Sif Muna.
 33033 | Elf:1    | Found the +14 obsidian axe {vorpal, Drain Fly SInv}
 33359 | Elf:2    | Reached XP level 19. HP: 109/109 MP: 26/26
 33598 | Elf:2    | Found a large runed translucent door.
 33598 | Elf:2    | Found a large runed translucent door.
 33636 | Elf:2    | Found a large runed translucent door.
 33636 | Elf:2    | Found a large runed translucent door.
 34078 | Elf:3    | Entered Level 3 of the Elven Halls
 34114 | Elf:3    | Learned a level 2 spell: Wereblood
 34117 | Elf:3    | Learned a level 2 spell: Poisonous Vapours
 34122 | Elf:3    | Learned a level 4 spell: Ice Form
 34215 | Elf:3    | Reached skill level 1 in Ice Magic
 34215 | Elf:3    | Reached skill level 1 in Air Magic
 34215 | Elf:3    | Reached skill level 1 in Poison Magic
 34232 | Elf:3    | Cast into level 2 of the Abyss (a deep elf sorcerer)
 34362 | Abyss:2  | Noticed a profane servitor
 34392 | Abyss:2  | Killed a profane servitor
 34571 | Abyss:2  | Gained mutation: Armour fits poorly on your strangely
                  | shaped body. [a neqoxec]
 34574 | Abyss:2  | Gained mutation: You are clumsy. (Dex -2) [a neqoxec]
 34662 | Abyss:2  | Noticed a bone dragon
 34712 | Abyss:2  | Killed a bone dragon
 34718 | Elf:3    | Escaped the Abyss
 34739 | Elf:3    | Noticed a deep elf blademaster
 34766 | Elf:3    | Killed a deep elf blademaster
 34769 | Elf:3    | Noticed a deep elf blademaster
 34789 | Elf:3    | Killed a deep elf blademaster
 34817 | Elf:3    | Noticed a Tzitzimitl
 34826 | Elf:3    | Reached skill level 5 in Ice Magic
 34826 | Elf:3    | Reached skill level 5 in Air Magic
 34826 | Elf:3    | Reached skill level 5 in Poison Magic
 34851 | Elf:3    | Reached XP level 20. HP: 69/115 MP: 27/27
 34857 | Elf:3    | Killed from afar by a deep elf annihilator

Illustrated notes

Levels and vault maps discovered:
D:1:      arrival_zaba_pyramid, layout_loops_ring, grunt_decor_mini_mirrors
D:2:      layout_basic, hellmonk_ecumenical_altar_blasted
D:3:      layout_rooms, nicolae_overflow_crystal_walls,
          grunt_ashenzari_visionary [grunt_ashenzari_visionary_shoals,
          grunt_ashenzari_visionary_spider]
D:4:      layout_cave_pools, lemuel_tele_altar, lemuel_coloured_pillars_altar,
          nicolae_overflow_hidden_temple, temple_doors_cd
D:5:      layout_basic, minivault_14
D:6:      layout_basic, okawaru_metal_pillars_1_2,
          grunt_temple_overflow_diamond, fiery_altar_vehumet,
          lightli_temple_of_fire, corexii_corridor_pit
D:7:      layout_basic, gammafunk_ghost_grave, hex_tiny
D:8:      layout_loops_ring, david_lair_generic, uniq_maurice
D:9:      layout_cross, gammafunk_temple_overflow_arena,
          nicolae_ru_path_of_blood, david_orc_5
D:10:     layout_loops_cross
D:11:     layout_basic, uniq_harold, uniq_snorg
D:12:     layout_basic, roderic_roman_lattice, uniq_sonja
D:13:     layout_irregular_city, enter_bailey_8, kb_rosetta
D:14:     layout_basic, lightli_vaults_fourway_checkpoint,
          ashenzari_conservatory_becter
D:15:     grunt_enter_depths_snipers, layout_rooms,
          nicolae_sif_muna_condensation, serial_bayou, serial_bayou_pond_d,
          serial_bayou_lake_a, serial_bayou_shore_a, serial_bayou_pond_d,
          serial_bayou_crossing, serial_bayou_lagoon_a, uniq_azrael, uniq_agnes
Temple:   compressed_dpeg_triangle_lava_temple
Lair:1:   layout_chaotic_city, cheibrodos_lair_lostbears,
          infiniplex_staircase_pool
Lair:2:   layout_gridlike, infiniplex_staircase_pool_2
Lair:3:   layout_regular_city, spider_nest_entry_rubble, beast_lair_carwin_11
Lair:4:   layout_regular_city, shoals_dummy_entry, nicolae_lair_yak_garden,
          grunt_megastairs_3
Lair:5:   layout_cave_pods, slime_altar_1, ebering_ghost_disaster_area,
          grunt_megastairs_1
Lair:6:   guppyfry_lair_end_dragon, layout_misc_corridors, wormcave,
          gauntlet_entry_generic, bobbens_dragon_lair_wall
Shoals:1: layout_shoals, kb_tengu_band
Shoals:2: layout_shoals, serial_shops, shop
Shoals:3: layout_shoals
Shoals:4: shoals_end_grunt_garden, layout_shoals
Orc:1:    layout_caves
Orc:2:    kennysheep_orc_mage_school, layout_caves, serial_shops,
          nicolae_shop_competitors_out_of_business, basic_altar, uniq_donald
Elf:1:    layout_rooms, minmay_elf_sorcery, hangedman_elf_simple_split,
          moated_statue, minivault_4, minivault_5, lemuel_upstairs_altar
Elf:2:    layout_geoelf_grid, uniq_nikola
Elf:3:    minmay_elf_hall_furrowed, layout_loops_corners, minmay_shop_grove

Skill      XL: |  1  2  3  4  5  6  7  8  9 10 11 12 13 14 15 16 17 18 19 |
---------------+----------------------------------------------------------+-----
Short Blades   | 3 4 6 7 9 11 12 13 | 13.3
Dodging        | 2 3 5 6 8 10 12 13 15 18 20 | 20.2
Stealth        | 6 7 8 9 11 13 14 16 17 18 21 23 | 23.7
Armour         | 3 4 6 8 |  8.9
Fighting       | 5 6 7 10 11 13 14 | 14.4
Throwing       | 4 |  4.7
Invocations    | 6 |  6.9
Evocations     | 9 12 13 15 16 | 16.0
Spellcasting   | 1 5 |  5.2
Transmutations | 1 5 |  5.2
Ice Magic      | 5 |  5.3
Air Magic      | 5 |  5.0
Poison Magic   | 5 |  5.0

Action                   |  1- 3 |  4- 6 |  7- 9 | 10-12 | 13-15 | 16-18 | 19-21 || total
-------------------------+-------+-------+-------+-------+-------+-------+-------++-------
Melee: Dagger            |    82 |   123 |  1015 |   426 |       |       |       ||  1646
       Pair of quick bla |       |       |       |   308 |  1114 |  1481 |   467 ||  3370
       Kick              |       |       |       |       |       |     3 |       ||     3
       Headbutt          |       |       |       |       |       |     2 |       ||     2
Throw: Dart              |     1 |     3 |    17 |     7 |     2 |       |       ||    30
 Cast: Beastly Appendage |       |       |       |       |       |     4 |       ||     4
Invok: Ancestor Life: He |       |       |       |     1 |       |       |       ||     1
       Ancestor Identity |       |       |       |     1 |       |       |       ||     1
       Recall Ancestor   |       |       |       |       |     3 |       |     2 ||     5
       Idealise          |       |       |       |       |     1 |     2 |       ||     3
 Abil: Evoke Blink       |       |       |       |       |       |     9 |       ||     9
Evoke: Wand              |       |       |       |       |     2 |       |       ||     2
       Phial of floods   |       |       |       |       |       |     1 |       ||     1
  Use: Scroll            |       |     9 |       |    10 |    11 |     5 |     3 ||    38
       Potion            |       |     2 |     1 |       |    10 |     3 |     4 ||    20
 Stab: Sleeping          |    19 |    14 |    15 |    35 |    75 |    84 |    13 ||   255
       Distracted        |       |     3 |     1 |     2 |    11 |    16 |     4 ||    37
       Confused          |       |       |       |     3 |    14 |    20 |    10 ||    47
       Paralysed         |       |       |       |       |     9 |    28 |     2 ||    39
       Invisible         |       |       |       |       |     8 |    74 |    10 ||    92
       Fleeing           |       |       |       |       |       |     1 |       ||     1
Armor: Robe              |    18 |     1 |       |       |       |       |       ||    19
       Leather armour    |       |    13 |    97 |   142 |    84 |    59 |    44 ||   439
Dodge: Dodged            |    63 |    91 |   588 |   456 |   469 |   876 |   235 ||  2778
Block: Other             |       |       |       |       |    83 |    67 |       ||   150
       Reflection        |       |       |       |       |     3 |     4 |       ||     7

Table legend: (Time is in decaauts)
 A = Elapsed time spent in this place.
 B = Non-inter-level travel time spent in this place.
 C = Inter-level travel time spent in this place.
 D = Time resting spent in this place.
 E = Time spent auto-exploring this place.
 F = Levels seen in this place.
 G = Mean time per level.
                   A        B        C        D        E       F      G
               +--------+--------+--------+--------+--------+-----+--------+
         Total |  32612 |  29646 |   2966 |   2226 |  20149 |  33 |  988.2 |
       Dungeon |  17227 |  15513 |   1714 |   1322 |  10985 |  15 | 1148.5 |
        Temple |    332 |    305 |     27 |      0 |    304 |   1 |  332.0 |
          Lair |   7018 |   6110 |    908 |    476 |   4581 |   6 | 1169.7 |
        Shoals |   4091 |   3941 |    150 |    320 |   2425 |   4 | 1022.8 |
  Orcish Mines |   1377 |   1257 |    120 |      7 |    817 |   2 |  688.5 |
   Elven Halls |   1904 |   1858 |     46 |     67 |    966 |   3 |  634.7 |
         Abyss |    327 |    327 |      0 |      0 |     63 |   1 |  327.0 |
      Gauntlet |    333 |    333 |      0 |     34 |      7 |   1 |  333.0 |
               +--------+--------+--------+--------+--------+-----+--------+

Top non-repeatable levels by time:
     D:6: 2006 daAuts
     D:7: 1575 daAuts
  Lair:4: 1510 daAuts
    D:15: 1391 daAuts
     D:5: 1390 daAuts
Shoals:4: 1305 daAuts
     D:1: 1303 daAuts
     D:8: 1301 daAuts
  Lair:6: 1293 daAuts
     D:4: 1193 daAuts
  Lair:5: 1104 daAuts
     D:2: 1098 daAuts
  Lair:3: 1089 daAuts
Shoals:1: 1087 daAuts
   Orc:2: 1079 daAuts
